[Event "Titled Tuesday Blitz June 27 Early 2023"]
[White "Kantor, Gergely"]
[Black "Wesolowska, Hanna"]
[WhiteFideId "751499"]
[BlackFideId "1104683"]
[WhiteElo "2598"]
[BlackElo "2205"]
[Result "1-0"]
[Round "1"]
[TimeControl "180+2"]
[Date "2023.06.27"]
[WhiteClock "0:01:11"]
[BlackClock "0:00:00"]
[Board "203"]

1. d4 Nf6 2. Nf3 c5 3. d5 g6 4. c4 b5 5. cxb5 a6 6. bxa6 Bxa6 7. Nc3 Bg7 8. e4 d6 9. Bxa6 Nxa6 10. O-O O-O 11. h3 Qb6 12. a4 Nd7 13. Qe2 Rfb8 14. Re1 Qb3 15. Ra3 Qb7 16. Bg5 Ne5 17. Nxe5 Bxe5 18. Nb5 f6 19. Be3 Nc7 20. f4 Nxb5 21. axb5 Bd4 22. Bxd4 cxd4 23. Ra6 Rxa6 24. bxa6 Qa7 25. Ra1 d3+ 26. Qf2 Qxf2+ 27. Kxf2 Rxb2+ 28. Ke3 d2 29. a7 Ra2 30. a8=Q+ Rxa8 31. Rxa8+ Kf7 32. Kxd2 1-0


[Site "https://www.chess.com"]

[Event "Titled Tuesday Blitz June 27 Early 2023"]
[White "KSho99"]
[Black "Niekras, Dawid"]
[BlackFideId "1160451"]
[WhiteElo "2204"]
[BlackElo "2597"]
[Result "0-1"]
[Round "1"]
[TimeControl "180+2"]
[Date "2023.06.27"]
[WhiteClock "0:00:27"]
[BlackClock "0:00:45"]
[Board "204"]

1. d4 Nf6 2. Nc3 d5 3. Bf4 e6 4. Nb5 Na6 5. e3 c6 6. Nc3 Nb8 7. Nf3 Nbd7 8. Bd3 Be7 9. Ne5 a6 10. Qf3 c5 11. g4 Nxe5 12. Bxe5 Bd6 13. Bxd6 Qxd6 14. dxc5 Qxc5 15. g5 Nd7 16. O-O-O Ne5 17. Qf4 Nxd3+ 18. Rxd3 Bd7 19. e4 d4 20. Ne2 e5 21. Qg3 Rc8 22. c3 O-O 23. Kb1 Bb5 24. Rd2 Bxe2 25. Rxe2 dxc3 26. Qxc3 Qxc3 27. bxc3 Rxc3 28. Rb2 b5 29. Rd1 Rfc8 30. Rd6 Rc1# 0-1


[Site "https://www.chess.com"]

[Event "Titled Tuesday Blitz June 27 Early 2023"]
[White "Megalios, Konstantinos"]
[Black "Ruge, Edison"]
[WhiteFideId "4238044"]
[BlackFideId "4401000"]
[WhiteElo "2597"]
[BlackElo "2204"]
[Result "1-0"]
[Round "1"]
[TimeControl "180+2"]
[Date "2023.06.27"]
[WhiteClock "0:00:11"]
[BlackClock "0:00:00"]
[Board "205"]

1. Nf3 d5 2. b3 f6 3. d4 Bf5 4. Bb2 a5 5. a3 Nc6 6. e3 e6 7. Nh4 Bg6 8. Nxg6 hxg6 9. c4 Nce7 10. Nc3 c6 11. e4 f5 12. exd5 exd5 13. Bd3 Nf6 14. Qc2 Qd6 15. g3 dxc4 16. Bxc4 b5 17. Be2 Ned5 18. Bf3 Qe6+ 19. Kf1 Kf7 20. Re1 Qd6 21. Kg2 Be7 22. Re5 Rae8 23. Rhe1 Bd8 24. Nd1 Ng4 25. Rxe8 Rxe8 26. Rxe8 Kxe8 27. Bxg4 fxg4 28. Qe4+ Kf7 29. Qxg4 Bf6 30. Qe4 b4 31. a4 g5 32. h3 Qd7 33. Bc1 Ne7 34. Be3 Qd5 35. Qxd5+ cxd5 36. Nb2 Nc6 37. Nd3 Nxd4 38. Bxd4 Bxd4 39. g4 Ke6 40. Kf3 Kd6 41. Kg3 Bf6 42. Kf3 Bd4 43. Kg3 Bf6 44. Kg2 d4 45. Kf3 Kd5 46. Ne1 Be5 47. Nd3 Bf6 48. Ke2 Be7 49. f3 Bd6 50. Nf2 Be7 51. Kd3 Bf6 52. Ne4 Be7 53. Nd2 Bd8 54. Nc4 Bc7 55. Nb2 Ke5 56. Nd1 Kf4 57. Kxd4 Kxf3 58. Ne3 Kg3 59. Nf5+ Kxh3 60. Nxg7 Kxg4 61. Ne6 Bb6+ 62. Kc4 Kf5 63. Ng7+ Ke4 64. Kb5 Bd8 65. Ne6 Be7 66. Nxg5+ Bxg5 67. Kxa5 Be7 68. Kb5 Kd3 69. a5 Kc3 70. a6 1-0


[Site "https://www.chess.com"]

[Event "Titled Tuesday Blitz June 27 Early 2023"]
[White "Sariego Figueredo, Wilfredo"]
[Black "Girya, Olga"]
[WhiteFideId "3500080"]
[BlackFideId "4195752"]
[WhiteElo "2196"]
[BlackElo "2594"]
[Result "0-1"]
[Round "1"]
[TimeControl "180+2"]
[Date "2023.06.27"]
[WhiteClock "0:01:05"]
[BlackClock "0:00:08"]
[Board "206"]

1. d4 Nf6 2. Bf4 e6 3. e3 c5 4. c3 b6 5. Nf3 Be7 6. Bd3 O-O 7. Nbd2 cxd4 8. exd4 Ba6 9. Bxa6 Nxa6 10. O-O Nb8 11. h3 Nc6 12. Re1 Rc8 13. Ne5 d6 14. Nxc6 Rxc6 15. Qa4 Qd7 16. Nf3 Rfc8 17. Rad1 R6c7 18. Qxd7 Rxd7 19. Bg5 Nd5 20. Bxe7 Rxe7 21. Nd2 b5 22. Ne4 Rd7 23. Rd3 a5 24. a3 h6 25. Ra1 Kf8 26. Rf3 Ke7 27. Ng3 Rb7 28. Re1 g6 29. h4 h5 30. Ne4 b4 31. cxb4 axb4 32. Ng5 Ke8 33. Ne4 Rc6 34. Nf6+ Nxf6 35. Rxf6 d5 36. Re3 Rc4 37. Rf4 bxa3 38. bxa3 Ra7 39. Rd3 Rca4 40. Rff3 Ke7 41. Rfe3 Kd6 42. Kf1 Rb7 43. Ke2 Rb2+ 44. Kf3 Ra2 45. Kf4 Rxf2+ 46. Kg3 Ra2 47. Rf3 Re2 48. Rxf7 Re4 49. Rf4 Rxf4 50. Kxf4 e5+ 51. Ke3 exd4+ 52. Rxd4 Rxa3+ 53. Kf4 Kc5 54. Rd2 d4 55. Kg5 Rg3+ 56. Kf4 Rg4+ 57. Kf3 Rxh4 58. g3 Rg4 59. Rc2+ Kd5 60. Rc8 d3 61. Rg8 Kd4 62. Rc8 d2 63. Rc7 Kd3 64. Rd7+ Kc2 65. Rc7+ Kd1 66. Rc6 Rd4 67. Kf2 Rd3 68. Rc8 Rd5 69. Rc6 Rf5+ 70. Kg2 Ke2 71. Re6+ Kd3 72. Rd6+ Ke3 73. Re6+ Kd4 74. Rd6+ Rd5 75. Rxd5+ Kxd5 76. Kf2 d1=Q 0-1


[Site "https://www.chess.com"]

[Event "Titled Tuesday Blitz June 27 Early 2023"]
[White "Pinheiro, Iung Alicio de O."]
[Black "Fernandez Hernandez, Gerardo"]
[WhiteFideId "2104350"]
[BlackFideId "2207400"]
[WhiteElo "2593"]
[BlackElo "2195"]
[Result "1-0"]
[Round "1"]
[TimeControl "180+2"]
[Date "2023.06.27"]
[WhiteClock "0:00:11"]
[BlackClock "0:00:00"]
[Board "207"]

1. e4 e6 2. d4 d5 3. e5 c5 4. c3 Nc6 5. Nf3 Qb6 6. Bd3 Nh6 7. O-O cxd4 8. h3 Be7 9. Re1 Nf5 10. Nbd2 Bd7 11. Nb3 dxc3 12. bxc3 O-O 13. c4 dxc4 14. Bxf5 exf5 15. Qxd7 Rad8 16. Qxf5 cxb3 17. axb3 Qxb3 18. Bg5 Bxg5 19. Nxg5 g6 20. Qf4 Rd4 21. Ne4 Kg7 22. Qf6+ Kg8 23. Qh4 Kg7 24. Rab1 Qe6 25. f4 Qf5 26. Nf6 h6 27. Ng4 Qxf4 28. Qf6+ Qxf6 29. exf6+ Kh7 30. Rxb7 h5 31. Nf2 Rf4 32. Ne4 a5 33. Rc7 Nb4 34. Ng5+ Kh6 35. Nxf7+ Rxf7 36. Rxf7 Nd5 37. Rf1 1-0


[Site "https://www.chess.com"]

[Event "Titled Tuesday Blitz June 27 Early 2023"]
[White "ilya2700"]
[Black "Ilkhomi, Jaloliddin"]
[BlackFideId "14700948"]
[WhiteElo "2179"]
[BlackElo "2591"]
[Result "0-1"]
[Round "1"]
[TimeControl "180+2"]
[Date "2023.06.27"]
[WhiteClock "0:00:06"]
[BlackClock "0:00:26"]
[Board "208"]

1. e4 e6 2. d4 d5 3. exd5 exd5 4. Bd3 Bd6 5. c3 Ne7 6. Nf3 O-O 7. Be3 Bf5 8. Qc2 Qd7 9. O-O Nbc6 10. Nbd2 Rae8 11. Rfe1 a6 12. Bg5 f6 13. Bh4 Bxd3 14. Qxd3 Qf5 15. Qxf5 Nxf5 16. Bg3 Nxg3 17. hxg3 Kf7 18. Rac1 b5 19. a4 bxa4 20. Ra1 Rxe1+ 21. Nxe1 Rb8 22. Nd3 a3 23. bxa3 Na5 24. Nb4 c5 25. Nxa6 Rb2 26. dxc5 Be5 27. Nf3 Bxc3 28. Rd1 Rb7 29. Rxd5 Ra7 30. Nb8 Ke6 31. Rd3 Bb2 32. a4 Rb7 33. Rd6+ Ke7 34. Nc6+ Nxc6 35. Rxc6 Ra7 36. Rb6 Ba3 37. c6 Rxa4 38. Rb7+ Kd6 39. Rxg7 Kxc6 40. Rxh7 Bc5 41. Rf7 Ra1+ 42. Kh2 Bxf2 43. Rxf6+ Kd5 44. Rf5+ Ke6 45. Rf4 Bc5 46. g4 Bd6 47. Kg3 Ra4 48. Ng5+ Kd5 49. Nh3 Bxf4+ 50. Nxf4+ Ke4 51. Ne6 Ke5 52. Ng5 Ra3+ 53. Nf3+ Ke4 54. g5 Kf5 55. Kf2 Ra2+ 56. Kg3 Ra4 57. Kh3 Rg4 58. g3 Ra4 59. Kg2 Kg4 60. Ne5+ Kxg5 61. Nf3+ Kf5 62. Nh4+ Kg4 63. Kf2 Ra2+ 64. Ke3 Kxg3 65. Nf5+ Kg4 66. Nd4 Ra3+ 67. Ke4 Ra8 68. Nc6 Kg5 69. Ne5 Re8 70. Kd5 Kf5 71. Nc6 Re1 72. Nd4+ Kf6 73. Kc4 Rd1 74. Kc3 Ke5 75. Nf3+ Ke4 76. Nd2+ Kd5 77. Nc4 Rc1+ 0-1


[Site "https://www.chess.com"]

[Event "Titled Tuesday Blitz June 27 Early 2023"]
[White "Domingo Nunez, Ruben"]
[Black "Luxama, Jacques Muller"]
[WhiteFideId "22245570"]
[BlackFideId "11900113"]
[WhiteElo "2588"]
[BlackElo "2176"]
[Result "1-0"]
[Round "1"]
[TimeControl "180+2"]
[Date "2023.06.27"]
[WhiteClock "0:00:29"]
[BlackClock "0:01:10"]
[Board "209"]

1. e4 e6 2. Nf3 d5 3. Nc3 dxe4 4. Nxe4 Nf6 5. Nxf6+ gxf6 6. g3 Bd6 7. Bg2 O-O 8. d4 Re8 9. O-O Bf8 10. c4 Bg7 11. Qc2 Nc6 12. Be3 b6 13. Ne5 fxe5 14. Bxc6 Bd7 15. Bxa8 Qxa8 16. Rad1 Qf3 17. Qb3 Bc6 18. d5 exd5 19. cxd5 Bd7 20. Bc1 Qe4 21. Rfe1 Qg6 22. Qc4 Bg4 23. Qxc7 Bf3 24. Qd7 Rf8 25. d6 f5 26. Rd3 e4 27. Rxf3 exf3 28. Qe7 Qh5 29. h4 Qg4 30. Kh2 f4 31. Qe6+ Qxe6 32. Rxe6 fxg3+ 33. Kxg3 Rd8 34. Bg5 Rd7 35. b3 Bf8 36. Be7 Kf7 37. Re3 Bxe7 38. Rxe7+ Rxe7 39. dxe7 Kxe7 40. Kxf3 Kf6 41. Ke4 h5 42. f4 Ke6 43. f5+ Kf6 44. Kf4 b5 45. b4 a6 46. a3 Kf7 47. Kg5 1-0


[Site "https://www.chess.com"]

[Event "Titled Tuesday Blitz June 27 Early 2023"]
[White "Philippe, Guillaume"]
[Black "Iskusnyh, Sergei"]
[WhiteFideId "36048763"]
[BlackFideId "4120027"]
[WhiteElo "2170"]
[BlackElo "2587"]
[Result "1-0"]
[Round "1"]
[TimeControl "180+2"]
[Date "2023.06.27"]
[WhiteClock "0:00:17"]
[BlackClock "0:00:00"]
[Board "210"]

1. e4 c6 2. d3 d5 3. Nf3 Qc7 4. Nbd2 Bg4 5. h3 Bh5 6. g4 Bg6 7. Bg2 e6 8. Qe2 Nd7 9. O-O Bd6 10. c3 h6 11. Re1 Ne7 12. e5 Bc5 13. d4 Bb6 14. Nb3 c5 15. Be3 O-O 16. Nh4 Bh7 17. f4 f6 18. Rad1 fxe5 19. fxe5 Ng6 20. Nxg6 Bxg6 21. Rf1 c4 22. Nc1 a5 23. Rxf8+ Rxf8 24. Rf1 Qc6 25. Rxf8+ Nxf8 26. Kh2 Qa4 27. Kg3 Nd7 28. h4 Bc7 29. g5 hxg5 30. Bxg5 Qc2 31. Qxc2 Bxc2 32. Bh3 Kf7 33. Ne2 b5 34. Nf4 Nf8 35. h5 b4 36. h6 Bf5 37. Bxf5 exf5 38. Nxd5 Bb8 39. cxb4 axb4 40. Nxb4 gxh6 41. Bxh6 Ne6 42. Nc6 Bc7 43. d5 Nc5 44. Bf4 Ne4+ 45. Kf3 Bb6 46. e6+ Kf6 47. Be5+ Kg5 48. e7 Nd2+ 49. Ke2 c3 50. bxc3 1-0


[Site "https://www.chess.com"]

[Event "Titled Tuesday Blitz June 27 Early 2023"]
[White "Skliarov, Viktor"]
[Black "campochess"]
[WhiteFideId "14106736"]
[WhiteElo "2586"]
[BlackElo "2166"]
[Result "1-0"]
[Round "1"]
[TimeControl "180+2"]
[Date "2023.06.27"]
[WhiteClock "0:01:47"]
[BlackClock "0:00:00"]
[Board "211"]

1. e4 c5 2. Nf3 Nc6 3. Bb5 e6 4. Bxc6 bxc6 5. d3 d5 6. e5 Ne7 7. O-O Ng6 8. c4 Be7 9. Nc3 O-O 10. Na4 f6 11. exf6 gxf6 12. Be3 Qa5 13. b3 e5 14. h3 Rf7 15. Qe1 Qxe1 16. Rfxe1 d4 17. Bc1 Bf5 18. Rd1 Nf8 19. Ba3 Ne6 20. Nh4 Bg6 21. Nxg6 hxg6 22. g3 f5 23. Re1 Ng5 24. Kg2 e4 25. Bxc5 Nf3 26. Re2 Re8 27. Rd1 Kf8 28. dxe4 fxe4 29. Rxe4 Ng5 30. Rxe7 Rfxe7 31. Rxd4 Kf7 32. Rf4+ Kg8 33. Bxe7 Rxe7 34. Nc5 Re2 35. h4 Nf7 36. a4 Ra2 37. Rf6 Ne5 38. Re6 Ng4 39. Rxg6+ 1-0


[Site "https://www.chess.com"]

[Event "Titled Tuesday Blitz June 27 Early 2023"]
[White "Dahlgren, James Allen"]
[Black "Ballecer, Dino"]
[WhiteFideId "22256873"]
[BlackFideId "5203597"]
[WhiteElo "2164"]
[BlackElo "2585"]
[Result "0-1"]
[Round "1"]
[TimeControl "180+2"]
[Date "2023.06.27"]
[WhiteClock "0:00:02"]
[BlackClock "0:00:07"]
[Board "212"]

1. d3 g6 2. f4 Bg7 3. Nf3 d5 4. g3 Nc6 5. Bg2 e5 6. O-O Nge7 7. Nc3 O-O 8. e4 dxe4 9. dxe4 Bg4 10. Be3 exf4 11. gxf4 h6 12. h3 Bh5 13. Qe1 Bxf3 14. Bxf3 Nd4 15. Rf2 Nec6 16. Rd1 Qh4 17. Bg2 Rad8 18. Nd5 Ne6 19. c3 Rc8 20. f5 Ng5 21. f6 Bh8 22. Rf4 Qxe1+ 23. Rxe1 Rfe8 24. Bd4 Nxd4 25. cxd4 Ne6 26. Rf2 Rcd8 27. e5 Nxd4 28. Ne7+ Kf8 29. Bxb7 Rxe7 30. fxe7+ Kxe7 31. Kg2 Ne6 32. Ref1 Rf8 33. Re1 Nc5 34. Be4 Nd7 35. Bd3 Nxe5 36. Rfe2 Kd6 37. Be4 f5 38. Bf3 g5 39. Rd1+ Ke7 40. Rde1 Kd6 41. Rd1+ Ke6 42. Bd5+ Kf6 43. Rde1 Re8 44. b4 Re7 45. a4 Bg7 46. a5 Bf8 47. b5 Re8 48. Bb3 Bd6 49. Ba4 Rb8 50. Rd1 f4 51. Red2 h5 52. Rxd6+ cxd6 53. Rxd6+ Ke7 54. Ra6 Rb7 55. b6 axb6 56. axb6 Kd6 57. Ra7 Rxb6 58. Rh7 Rb2+ 59. Kf1 h4 60. Rg7 Nf3 61. Rxg5 Nxg5 0-1


[Site "https://www.chess.com"]

[Event "Titled Tuesday Blitz June 27 Early 2023"]
[White "Nozdrachev, Leonid"]
[Black "Tarnowska, Aleksandra"]
[WhiteFideId "24113433"]
[BlackFideId "1180967"]
[WhiteElo "2584"]
[BlackElo "2157"]
[Result "1-0"]
[Round "1"]
[TimeControl "180+2"]
[Date "2023.06.27"]
[WhiteClock "0:00:58"]
[BlackClock "0:00:03"]
[Board "213"]

1. e4 c5 2. d4 cxd4 3. c3 d5 4. exd5 Qxd5 5. cxd4 e6 6. Nc3 Qd6 7. Nf3 Nf6 8. Bd3 Be7 9. O-O O-O 10. Qe2 a6 11. Rd1 Nc6 12. Bg5 h6 13. Bxf6 Bxf6 14. Ne4 Qe7 15. Rac1 Rd8 16. a3 Nxd4 17. Nxd4 Bxd4 18. Ng3 Qf6 19. Rc7 Rb8 20. Nh5 Qg5 21. Qe4 Qf5 22. Qh4 Qg5 23. Qe4 Qf5 24. Qe2 Qg5 25. h4 Qxh4 26. Qf3 Bd7 27. Be4 Rbc8 28. Rxd4 Rxc7 29. Bh7+ Kxh7 30. Rxh4 Rc1+ 31. Kh2 Bc6 32. Qxf7 Rdd1 33. Qxg7# 1-0


[Site "https://www.chess.com"]

[Event "Titled Tuesday Blitz June 27 Early 2023"]
[White "Vianello, Enrico"]
[Black "Bayo Milagro, Alvaro"]
[WhiteFideId "810738"]
[BlackFideId "22275240"]
[WhiteElo "2150"]
[BlackElo "2584"]
[Result "1/2-1/2"]
[Round "1"]
[TimeControl "180+2"]
[Date "2023.06.27"]
[WhiteClock "0:00:34"]
[BlackClock "0:00:41"]
[Board "214"]

1. Nf3 Nf6 2. c4 e6 3. b3 d5 4. e3 Be7 5. Bb2 O-O 6. Qc2 c5 7. Be2 Nc6 8. cxd5 Nxd5 9. a3 Bf6 10. Nc3 b6 11. O-O Bb7 12. Rfd1 Qe7 13. Rac1 Rfd8 14. Nxd5 Rxd5 15. Bxf6 Qxf6 16. d3 Rad8 17. Qb1 Qe7 18. h3 h6 19. Rd2 R5d7 20. Rb2 Ba6 21. Ne1 Ne5 22. Rd2 Nc6 23. Rcd1 Bb7 24. Nc2 a5 25. Qb2 e5 26. Rb1 e4 27. Rbd1 Ba6 28. Ne1 Ne5 29. dxe4 Bxe2 30. Rxd7 Nxd7 31. Qxe2 Qxe4 32. Qd3 Qxd3 33. Rxd3 Kf8 34. Nf3 Ke7 35. Kf1 Nf6 36. Rxd8 Kxd8 37. Ne5 Ne4 38. Ke2 f6 39. Nc4 Kc7 40. f3 Ng3+ 41. Kd3 Kc6 42. a4 h5 43. e4 h4 44. Ne3 1/2-1/2


[Site "https://www.chess.com"]

[Event "Titled Tuesday Blitz June 27 Early 2023"]
[White "Kumsiashvili, Nikoloz"]
[Black "VoicelessFeather"]
[WhiteFideId "13600621"]
[WhiteElo "2581"]
[BlackElo "2145"]
[Result "1-0"]
[Round "1"]
[TimeControl "180+2"]
[Date "2023.06.27"]
[WhiteClock "0:01:03"]
[BlackClock "0:00:11"]
[Board "215"]

1. Nf3 d5 2. d4 Nf6 3. c4 c6 4. Nc3 e6 5. g3 dxc4 6. Bg2 Nbd7 7. Nd2 Be7 8. Nxc4 O-O 9. O-O c5 10. dxc5 Nxc5 11. Bf4 Bd7 12. b4 Na6 13. Bxb7 Nxb4 14. Bxa8 Qxa8 15. a3 Nbd5 16. Nxd5 Nxd5 17. Bd6 Bxd6 18. Nxd6 Rd8 19. e4 Nf6 20. e5 Nd5 21. Qf3 Be8 22. Nxe8 Rxe8 23. Rfc1 a5 24. Rab1 a4 25. Qe4 g6 26. Rc4 Qd8 27. Rbc1 Qe7 28. Rxa4 Rd8 29. Ra6 Qg5 30. Rd1 Qh5 31. Rf1 Rc8 32. Rd6 Nc3 33. Qb7 Rc4 34. Rd8+ Kg7 35. Qa8 Qxe5 36. Rg8+ Kh6 37. Qf8+ Kg5 38. f4+ 1-0


[Site "https://www.chess.com"]

[Event "Titled Tuesday Blitz June 27 Early 2023"]
[White "le-castor-faineant"]
[Black "Mendez Fortes, Eduardo Jesus"]
[BlackFideId "3502376"]
[WhiteElo "2141"]
[BlackElo "2580"]
[Result "0-1"]
[Round "1"]
[TimeControl "180+2"]
[Date "2023.06.27"]
[WhiteClock "0:00:00"]
[BlackClock "0:01:04"]
[Board "216"]

1. e4 c5 2. Nf3 d6 3. d4 cxd4 4. Nxd4 Nf6 5. Nc3 a6 6. Be2 e5 7. Nb3 Be7 8. O-O O-O 9. f4 Nc6 10. f5 b5 11. a3 Bb7 12. Bg5 Rc8 13. Bxf6 Bxf6 14. Kh1 Nd4 15. Nxd4 exd4 16. Nd5 Bxd5 17. exd5 Re8 18. Bd3 Re3 19. Re1 Qe7 20. Rxe3 dxe3 21. Rb1 Qe5 22. Qf3 Re8 23. b3 Qc3 24. Qe2 h6 25. a4 bxa4 26. bxa4 a5 27. g3 Qc5 28. Rb5 Qa3 29. Rxa5 Qc1+ 30. Kg2 Qd2 31. Rb5 Rc8 32. Qxd2 exd2 33. Rb1 Re8 34. Kf2 Bc3 35. Rd1 Kf8 36. Be2 Re4 37. Bb5 Ke7 38. Kf3 Re5 39. Bd3 Kf6 40. g4 Rxd5 41. Rb1 Re5 42. Be2 Bd4 43. Rb5 Re3+ 44. Kf2 Rd3+ 45. Kf1 d1=Q+ 46. Bxd1 Rxd1+ 47. Ke2 Ra1 48. Rd5 Bc5 0-1


[Site "https://www.chess.com"]

[Event "Titled Tuesday Blitz June 27 Early 2023"]
[White "Mortazavi, Ali"]
[Black "Flis, Pawel"]
[WhiteFideId "401323"]
[BlackFideId "1112864"]
[WhiteElo "2577"]
[BlackElo "2138"]
[Result "1-0"]
[Round "1"]
[TimeControl "180+2"]
[Date "2023.06.27"]
[WhiteClock "0:01:08"]
[BlackClock "0:00:59"]
[Board "217"]

1. Nf3 Nf6 2. g3 g6 3. Bg2 Bg7 4. O-O O-O 5. d3 d6 6. e4 c5 7. e5 dxe5 8. Nxe5 Nbd7 9. Nxd7 Qxd7 10. Nc3 Rb8 11. a4 b6 12. Bf4 Bb7 13. Bxb8 Bxg2 14. Kxg2 Rxb8 15. Qf3 e6 16. Rfe1 h5 17. h3 Nd5 18. Nxd5 exd5 19. c3 a6 20. Re2 Re8 21. Rxe8+ Qxe8 22. Qxd5 Qe2 23. Qf3 Qxb2 24. Re1 Bf8 25. Re8 Kg7 26. Qa8 Bd6 27. Qd8 Bxg3 28. Rg8+ Kh6 29. Rh8+ Kg7 30. Qf8+ Kf6 31. Kxg3 Qxc3 32. Qd8+ Kg7 33. Re8 Kh6 34. h4 g5 35. Qxg5+ Kh7 36. Qxh5+ Kg7 37. Qh8+ Kg6 38. Qxc3 1-0


[Site "https://www.chess.com"]

[Event "Titled Tuesday Blitz June 27 Early 2023"]
[White "Vargas Rodriguez, Wilver"]
[Black "Vlassov, Nikolai"]
[WhiteFideId "3509672"]
[BlackFideId "4103360"]
[WhiteElo "2137"]
[BlackElo "2575"]
[Result "0-1"]
[Round "1"]
[TimeControl "180+2"]
[Date "2023.06.27"]
[WhiteClock "0:00:00"]
[BlackClock "0:00:13"]
[Board "218"]

1. Nf3 c5 2. c4 g6 3. Nc3 Bg7 4. g3 Nc6 5. Bg2 d6 6. O-O Nh6 7. Rb1 Nf5 8. a3 h5 9. h4 Nfd4 10. d3 Bg4 11. e3 Nxf3+ 12. Bxf3 Qd7 13. Bxg4 hxg4 14. Qa4 Ne5 15. Qxd7+ Kxd7 16. Rd1 Nf3+ 17. Kg2 g5 18. hxg5 Rh2+ 19. Kf1 Nxg5 20. Ke2 Rah8 21. e4 Nf3 22. Be3 a6 23. Rf1 e6 24. Rbd1 Kc6 25. Rc1 Nd4+ 26. Bxd4 Bxd4 27. Nd1 f5 28. b4 R8h3 29. Ke1 b6 0-1


[Site "https://www.chess.com"]

[Event "Titled Tuesday Blitz June 27 Early 2023"]
[White "Gontcharov, Vladislav"]
[Black "Politov, Pavel Y."]
[WhiteFideId "4123492"]
[BlackFideId "24110515"]
[WhiteElo "2574"]
[BlackElo "2130"]
[Result "1-0"]
[Round "1"]
[TimeControl "180+2"]
[Date "2023.06.27"]
[WhiteClock "0:01:05"]
[BlackClock "0:00:00"]
[Board "219"]

1. d4 d5 2. c4 dxc4 3. Nf3 Nf6 4. e3 e6 5. Bxc4 c5 6. O-O a6 7. Nc3 b5 8. Bb3 Nbd7 9. d5 exd5 10. Nxd5 Bb7 11. e4 c4 12. Bc2 Be7 13. Nxe7 Qxe7 14. Re1 O-O 15. Bf4 Rfd8 16. Bd6 Qe8 17. e5 Nd5 18. Bxh7+ Kxh7 19. Ng5+ Kh6 20. Qg4 1-0


[Site "https://www.chess.com"]

[Event "Titled Tuesday Blitz June 27 Early 2023"]
[White "deloewre"]
[Black "Guerra Tulcan, Lenin"]
[BlackFideId "3601382"]
[WhiteElo "2128"]
[BlackElo "2573"]
[Result "0-1"]
[Round "1"]
[TimeControl "180+2"]
[Date "2023.06.27"]
[WhiteClock "0:00:07"]
[BlackClock "0:01:48"]
[Board "220"]

1. d4 c5 2. d5 Nf6 3. c4 b5 4. cxb5 a6 5. b6 d6 6. Nc3 Nbd7 7. a4 Qxb6 8. a5 Qc7 9. Nf3 g6 10. e4 Rb8 11. Be2 Bg7 12. O-O O-O 13. h3 Rb4 14. Nd2 Qb8 15. Nc4 Ne8 16. Qc2 Nc7 17. Bg5 Re8 18. Kh1 h6 19. Bd2 Nb5 20. Nxb5 Rxb5 21. Ra2 e6 22. dxe6 Rxe6 23. f4 Bb7 24. Bf3 Qe8 25. f5 Bxe4 26. Bxe4 Rxe4 27. fxg6 Qe6 28. gxf7+ Kf8 29. Nxd6 Re2 30. Nxb5 axb5 31. Raa1 Qd5 32. Rg1 Rxd2 33. Qh7 Nf6 34. Qg6 Ne4 35. Rae1 Nf2+ 36. Kh2 Be5+ 37. g3 Ng4# 0-1


[Site "https://www.chess.com"]

[Event "Titled Tuesday Blitz June 27 Early 2023"]
[White "Aloma Vidal, Robert"]
[Black "Floresvillar Gonzalez, Luis Migu"]
[WhiteFideId "2260409"]
[BlackFideId "5100542"]
[WhiteElo "2572"]
[BlackElo "2127"]
[Result "1-0"]
[Round "1"]
[TimeControl "180+2"]
[Date "2023.06.27"]
[WhiteClock "0:00:43"]
[BlackClock "0:00:02"]
[Board "221"]

1. e4 c6 2. d4 d5 3. e5 Bf5 4. Nf3 e6 5. Be2 c5 6. Be3 cxd4 7. Nxd4 Bg6 8. O-O Ne7 9. c4 dxc4 10. Na3 a6 11. Nxc4 Nd5 12. Qb3 b5 13. Nd2 Be7 14. a4 b4 15. Bf3 O-O 16. Nc4 Ra7 17. Rfd1 Rd7 18. a5 Qc7 19. Rac1 Rfd8 20. Nb6 Qb7 21. Nxd7 Nxd7 22. Nc6 Re8 23. Bxd5 exd5 24. Qxd5 Nf8 25. Nxe7+ Qxe7 26. Bc5 Qxe5 27. Qxe5 Rxe5 28. Rd8 h6 29. Rxf8+ Kh7 30. Bxb4 Re2 31. Bc3 Be4 32. f3 Bg6 33. Rd1 Rc2 34. Rdd8 Bf5 35. Rxf7 1-0


[Site "https://www.chess.com"]

[Event "Titled Tuesday Blitz June 27 Early 2023"]
[White "Winkels, Marcel"]
[Black "Sargsyan, Anna M."]
[WhiteFideId "1003887"]
[BlackFideId "13308130"]
[WhiteElo "2120"]
[BlackElo "2572"]
[Result "0-1"]
[Round "1"]
[TimeControl "180+2"]
[Date "2023.06.27"]
[WhiteClock "0:00:12"]
[BlackClock "0:01:05"]
[Board "222"]

1. e4 c6 2. d4 d5 3. e5 Bf5 4. c4 e6 5. cxd5 Qxd5 6. Nc3 Qa5 7. Bc4 Nd7 8. h4 h6 9. g4 Bg6 10. h5 Bh7 11. Ne2 Ne7 12. f4 O-O-O 13. Bd2 Qc7 14. Rf1 Nb6 15. Bb3 Ned5 16. Nxd5 Nxd5 17. Nc3 Nb4 18. Bc4 Rxd4 19. Qe2 Bd3 20. Bxd3 Nxd3+ 21. Kd1 Nxb2+ 22. Kc2 Nc4 23. Rac1 Rxd2+ 0-1


[Site "https://www.chess.com"]

[Event "Titled Tuesday Blitz June 27 Early 2023"]
[White "WindWhistler11"]
[Black "Tqebuchava, Zurab"]
[BlackFideId "13601113"]
[WhiteElo "2571"]
[BlackElo "2105"]
[Result "1-0"]
[Round "1"]
[TimeControl "180+2"]
[Date "2023.06.27"]
[WhiteClock "0:00:54"]
[BlackClock "0:00:25"]
[Board "223"]

1. Nf3 d6 2. g3 Nf6 3. c4 g6 4. Bg2 Bg7 5. O-O O-O 6. Nc3 Nc6 7. d4 Bg4 8. h3 Bxf3 9. exf3 e5 10. d5 Ne7 11. f4 exf4 12. Bxf4 Nd7 13. Qd2 Ne5 14. b3 Re8 15. Rfe1 Nf5 16. h4 h5 17. Ne4 Nd4 18. Qd1 Nf5 19. Bg5 Qd7 20. Bh3 Kh8 21. Kg2 Ng4 22. Qd2 Re5 23. Bxg4 hxg4 24. Bf6 Rae8 25. Bxe5 Rxe5 26. Rad1 Qe7 27. Ng5 Kg8 28. Rxe5 Bxe5 29. Re1 Qf6 30. Ne4 Qg7 31. Qg5 f6 32. Qxg4 Kh7 33. h5 Nd4 34. hxg6+ Kg8 35. Qc8+ Qf8 36. Nxf6+ Kg7 37. Qxf8+ Kxf8 38. Nd7+ Kg7 39. Nxe5 dxe5 40. Rxe5 Kxg6 41. Re7 1-0


[Site "https://www.chess.com"]

[Event "Titled Tuesday Blitz June 27 Early 2023"]
[White "Aung Thant Zin"]
[Black "Sowul, Bartosz"]
[WhiteFideId "13000063"]
[BlackFideId "1137590"]
[WhiteElo "2093"]
[BlackElo "2571"]
[Result "0-1"]
[Round "1"]
[TimeControl "180+2"]
[Date "2023.06.27"]
[WhiteClock "0:01:45"]
[BlackClock "0:02:03"]
[Board "224"]

1. e4 c5 2. Nf3 d6 3. Bb5+ Nd7 4. O-O a6 5. Bxd7+ Bxd7 6. c3 Nf6 7. Re1 c4 8. b3 b5 9. a4 cxb3 10. axb5 axb5 11. Rxa8 Qxa8 12. Qxb3 Nxe4 13. d3 Nc5 14. Qb4 Qa4 15. Qb2 Nxd3 16. Qe2 Nxe1 17. Qxe1 e6 18. Nbd2 Be7 19. Ne4 O-O 20. h4 Bc6 21. Bg5 Qxe4 0-1


[Site "https://www.chess.com"]

[Event "Titled Tuesday Blitz June 27 Early 2023"]
[White "profedechess93"]
[Black "Jaivardhan Raj"]
[BlackFideId "25744437"]
[WhiteElo "2571"]
[BlackElo "2088"]
[Result "1-0"]
[Round "1"]
[TimeControl "180+2"]
[Date "2023.06.27"]
[WhiteClock "0:00:46"]
[BlackClock "0:00:26"]
[Board "225"]

1. e4 c5 2. Nf3 e6 3. d4 cxd4 4. Nxd4 Nc6 5. Nc3 Qc7 6. Ndb5 Qb8 7. Be3 a6 8. Bb6 axb5 9. Nxb5 Bb4+ 10. c3 Ba5 11. Nc7+ Qxc7 12. Bxc7 Bxc7 13. Qg4 g6 14. Bb5 Nge7 15. a4 Ne5 16. Qe2 f5 17. f4 Ng4 18. e5 Bb6 19. h3 Nf2 20. Rf1 Ne4 21. Rf3 Nd5 22. O-O-O Ke7 23. Kb1 Ba5 24. c4 Nb4 25. g4 b6 26. gxf5 exf5 27. Re3 Rd8 28. Rxe4 fxe4 29. Qxe4 Ba6 30. f5 Bxb5 31. axb5 gxf5 32. Qxf5 Rf8 33. Qxd7# 1-0


[Site "https://www.chess.com"]